 Dungeon Sprint DCSS version 0.22-a0-848-ge9e22a0 (webtiles) character file.

21406 Krakonus1 the Blocker (level 12, -3/120 HPs)
             Began as a Gnoll Fighter on July 26, 2018.
             Was the Champion of Cheibriados.
             Slain by Aizul (24 damage)
             ... in the Dungeon (Sprint IX: "|||||||||||||||||||||||||||||").
             The game lasted 00:38:55 (2212 turns).

Krakonus1 the Blocker (Gnoll Fighter)               Turns: 2212, Time: 00:38:56

Health: -3/120     AC:  8    Str: 36    XL:     12   Next: 89%
Magic:  28/28      EV: 27    Int: 29    God:    Cheibriados [******]
Gold:   178        SH: 25    Dex: 39    Spells: 35/35 levels left

rFire    + . .     SeeInvis .   W - +5 falchion "Akotil" {freeze, rF+ Stlth+}
rCold    . . .     Gourm    .   L - +1 large shield
rNeg     . . .     Faith    .   (no armour)
rPois    .         Spirit   .   N - +2 helmet {Int+3}
rElec    .         Reflect  .   t - +0 cloak
rCorr    .         Harm     .   u - +0 pair of gloves
MR       .....     NoTele   +   (no boots)
Stlth    +++++++...             M - amulet of Vitality {Regen+ HP+15}
HPRegen  0.70/turn              x - +3 ring of dexterity
MPRegen  0.21/turn              R - ring "Ukob" {Wiz Str+2}

@: lethally poisoned (-3 -> -27), studying Ice Magic, very slow
A: distributed training, fangs 1, talons 1, thin metallic scales 1, agile 1,
wild magic 1, strong nose
a: Bend Time, Temporal Distortion, Slouch, Step From Time, Renounce Religion


You were in the Dungeon.
You worshipped Cheibriados.
Cheibriados was exalted by your worship.
You were not hungry.

You visited 1 branch You collected 1928 gold pieces.
You spent 1750 gold pieces at shops.

Inventory:

Hand Weapons
 a - a +1 dagger of venom
 b - a +3 dagger
 m - a +0 dagger of venom
 s - a +3 war axe of chopping
 v - a +1 hand axe of electrocution
 y - a +4 scimitar of flaming
 A - a +2 morningstar of crushing
 B - a +2 rapier of draining
 C - a +2 scimitar of holy wrath
 T - a +3 long sword of flaming
 V - a +1 spear of piercing
 W - the +5 falchion "Akotil" (weapon) {freeze, rF+ Stlth+}
   (You found it in the Dungeon)

   It has been specially enchanted to freeze those struck by it, causing extra
   injury to most foes and up to half again as much damage against particularly
   susceptible opponents.
   It can also slow down cold-blooded creatures.
   It protects you from fire.
   It makes you more stealthy.
 X - a +2 trident of flaming
 Z - a +1 double sword
Armour
 o - a +0 robe of magic resistance
 p - a +3 chain mail of poison resistance
 q - +1 fire dragon scales
 r - a +2 plate armour
 t - a +0 cloak (worn)
 u - a +0 pair of gloves (worn)
 L - a +1 large shield (worn)
 N - a +2 helmet of intelligence (worn)
Magical Staves
 n - an uncursed staff of energy
Jewellery
 w - a +2 ring of evasion
 x - a +3 ring of dexterity (left hand)
 z - an uncursed ring of protection from cold
 M - the amulet of Vitality (around neck) {Regen+ HP+15}
   (You bought it in a shop in the Dungeon)

   [amulet of regeneration]

   It affects your health (+15).
   It increases your rate of regeneration.
 P - an uncursed ring of see invisible
 R - the ring "Ukob" (right hand) {Wiz Str+2}
   (You bought it in a shop in the Dungeon)

   [ring of wizardry]

   It improves your spell success rate.
   It affects your strength (+2).
Wands
 l - a wand of acid (10)
 K - a wand of digging (11)
Scrolls
 h - 2 scrolls of remove curse
 j - 2 scrolls of amnesia
 k - 5 scrolls of blinking
 G - 2 scrolls of identify
 H - 2 scrolls of enchant armour
 I - 3 scrolls of fear
 Q - a scroll of immolation
Potions
 d - 2 potions of invisibility
 e - 2 potions of heal wounds
 g - 5 potions of curing
 i - 4 potions of magic
 D - a potion of might
 O - a potion of brilliance
 S - a potion of resistance
Books
 F - a manual of Ice Magic
Comestibles
 c - a chunk of flesh
 f - 11 rations


   Skills:
 + Level 13.3 Fighting
 + Level 12.0 Short Blades
 + Level 12.7 Long Blades
 + Level 12.0 Axes
 + Level 12.0 Maces & Flails
 + Level 12.0 Polearms
 + Level 12.0 Staves
 + Level 12.0 Slings
 + Level 12.0 Bows
 + Level 12.0 Crossbows
 + Level 12.0 Throwing
 + Level 13.3 Armour
 + Level 12.0 Dodging
 + Level 12.0 Stealth
 + Level 13.3 Shields
 + Level 12.0 Unarmed Combat
 + Level 12.0 Spellcasting
 + Level 10.2 Conjurations
 + Level 10.2 Hexes
 + Level 10.2 Charms
 + Level 10.2 Summonings
 + Level 10.2 Necromancy
 + Level 10.2 Translocations
 + Level 10.2 Transmutations
 + Level 10.2 Fire Magic
 + Level 13.1 Ice Magic
 + Level 10.2 Air Magic
 + Level 10.2 Earth Magic
 + Level 10.2 Poison Magic
 + Level 12.9 Invocations
 + Level 12.0 Evocations


You had 35 spell levels left.
You didn't know any spells.
Your spell library was empty.

Dungeon Overview and Level Annotations

Branches:
Dungeon (1/1)

Altars:
Cheibriados
Dithmenos
Elyvilon
Fedhas
Gozag
Hepliaklqana
Kikubaaqudgha
Makhleb
Nemelex Xobeh
Okawaru
Qazlal
Ru
Sif Muna
Trog
Uskayaw
Vehumet
Wu Jian
Xom
Yredelemnul
Zin
The Shining One
Beogh
Jiyva
Lugonu

Shops:
D [=%*

Annotations:
D Aizul


Innate Abilities, Weirdness & Mutations

Your experience applies equally to all skills.
You have very sharp teeth.
Your uncanny sense of smell can sniff out nearby items.
You have sharp toenails.
You are partially covered in thin metallic scales. (AC +2)
You are agile. (Dex +2)
Your spells are a little harder to cast, but a little more powerful.


Message History

You block the poison arrow.
You finish taking off your +1 fire dragon scales.
Unknown command.
Wear which item? (? for menu, Esc to quit)
You feel sick. Aizul completely misses you.
You riposte.
You miss Aizul. Your kick misses Aizul.
Keep equipping yourself?
You start putting on your armour.
You continue putting on your +3 chain mail of poison resistance.
You feel sick. Aizul barely misses you.
You riposte.
You slash Aizul! You freeze Aizul. Your kick misses Aizul.
Your bite misses Aizul.
Aizul is lightly wounded.
Aizul casts a spell at you. The bolt of poison hits you!
You are more poisoned.
* * * LOW HITPOINT WARNING * * *
You continue putting on your +3 chain mail of poison resistance.
* * * LOW HITPOINT WARNING * * *
You feel sick. Aizul hits you!!
You die...

▓.▓.▓.▓.▓.▓.▓.▓,*,*,*,*,*,*,*,*,
▓.▓.▓.▓.▓.▓.▓.▓.▓,*,*,*,*,*,*,*,
▓'▓.▓.▓.▓.▓.▓.▓.▓,*,*,*,*,*,*,*,
▓.▓.▓.▓.▓.▓.▓.▓.▓,*,*,*,*,*,*,*,
▓)▓.▓.▓.▓.▓.▓.▓.▓,*,*,*,*,*,*,*,
▓÷▓.▓'▓.▓.▓.▓.▓.▓,*,*,*,*,*,*+*,
▓.▓.▓.▓.▓.▓.▓.▓.▓,*,*,*,*,*,*,*,
▓.▓.▓.▓.▓.▓.▓'▓S▓,*,*,*,*,*,*,*,
▓'▓.▓.▓.▓.▓.▓.▓@▓,*,*,*,*,*,*,*,
▓.▓.▓.▓.▓.▓.▓=▓.▓,*,*,*,*,*,*,*,
▓.▓.▓!▓.▓.▓.▓"▓.▓,*,*,*,*+*,*,*,
▓.▓.▓.▓.▓'▓.▓=▓.▓,*,*,*,*,*,*,*,
▓.▓.▓.▓.▓)▓.▓.▓.▓,*,*,*,*,*,*,*,
▓.▓.▓.▓.▓)▓.▓.▓.▓+*,*,*,*,*,*,*,
▓'▓.▓.▓.▓)▓.▓.▓.▓,*,*,*,*,*,*,*,
▓_▓.▓.▓.▓)▓.▓.▓.▓,*,*+*,*,*,*,*,
▓_▓.▓.▓.▓[▓.▓.▓.▓≈*,*,*,*,*,*,*,


You could see Aizul.

Vanquished Creatures
  A tengu reaver (D)
  Azrael (D)
  Josephine (D)
  A hydra (D)
  A rakshasa (D)
  A death knight (D)
  2 centaur warriors (D)
  A deep troll shaman (D)
  A deep troll earth mage (D)
  Nergalle (D)
  A flayed ghost (D)
  4 orc knights (D)
  5 orc sorcerers (D)
  Maurice (D)
  5 spiny frogs (D)
  A gargoyle (D)
  A rime drake (D)
  A kobold demonologist (D)
  A yaktaur (D)
  7 polar bears (D)
  A troll (D)
  A slime creature (D)
  2 hippogriffs (D)
  A blink frog (D)
  A yak (D)
  3 wraiths (D)
  2 basilisks (D)
  2 fire elementals (D)
  A water moccasin (D)
  An acid dragon (D)
  A porcupine (D)
  4 hell hounds (D)
  A black bear (D)
  8 orc warriors (D)
  A centaur (D)
  An ogre (D)
  2 crocodiles (D)
  A big kobold (D)
  5 bullfrogs (D)
  2 crimson imps (D)
  4 orc priests (D)
  An iguana (D)
  15 orc wizards (D)
  An adder (D)
  An adder zombie (D)
  6 orcs (D)
  A bat (D)
  A goblin (D)
  A quokka (D)
  A giant cockroach zombie (D)
  A kobold (D)
  2 rats (D)
114 creatures vanquished.

Notes
Turn   | Place    | Note
-------+----------+-------------------------------------------
     0 | D        | Krakonus1 the Gnoll Fighter began the quest for the Orb.
     0 | D        | Reached XP level 1. HP: 23/23 MP: 1/1
    16 | D        | Reached skill level 1 in Invocations
    39 | D        | Noticed an ogre
    39 | D        | Noticed an iguana
    39 | D        | Noticed a crimson imp
    54 | D        | Killed an ogre
    54 | D        | Reached skill level 5 in Long Blades
    54 | D        | Reached XP level 2. HP: 10/31 MP: 2/5
    54 | D        | Reached XP level 3. HP: 12/36 MP: 2/7
    54 | D        | Reached XP level 4. HP: 14/43 MP: 2/8
    58 | D        | Reached XP level 5. HP: 17/48 MP: 2/9
   283 | D        | Found a roughly hewn altar of Beogh.
   283 | D        | Found a snail-covered altar of Cheibriados.
   283 | D        | Found a shadowy altar of Dithmenos.
   283 | D        | Found a white marble altar of Elyvilon.
   283 | D        | Found a blossoming altar of Fedhas.
   283 | D        | Found an opulent altar of Gozag.
   284 | D        | Found a hazy altar of Hepliaklqana.
   285 | D        | Found a viscous altar of Jiyva.
   286 | D        | Found an ancient bone altar of Kikubaaqudgha.
   287 | D        | Became a worshipper of Cheibriados the Contemplative
   288 | D        | Found a corrupted altar of Lugonu.
   289 | D        | Found a burning altar of Makhleb.
   290 | D        | Found a sparkling altar of Nemelex Xobeh.
   291 | D        | Found an iron altar of Okawaru.
   292 | D        | Found a stormy altar of Qazlal.
   293 | D        | Found a sacrificial altar of Ru.
   294 | D        | Found a deep blue altar of Sif Muna.
   295 | D        | Found a bloodstained altar of Trog.
   296 | D        | Found a hide-covered altar of Uskayaw.
   297 | D        | Found a radiant altar of Vehumet.
   298 | D        | Found an ornate altar of the Wu Jian Council.
   299 | D        | Found a shimmering altar of Xom.
   300 | D        | Found a basalt altar of Yredelemnul.
   301 | D        | Found a glowing silver altar of Zin.
   302 | D        | Found a glowing golden altar of the Shining One.
   320 | D        | Got the +2 halberd of the Final Yaks {drain, *Contam MP+9 Dex+4}
   386 | D        | Noticed a big kobold
   386 | D        | Noticed a centaur
   389 | D        | Killed a big kobold
   389 | D        | Reached XP level 6. HP: 56/56 MP: 10/12
   392 | D        | Reached * piety under Cheibriados
   398 | D        | Reached skill level 5 in Invocations
   401 | D        | Reached ** piety under Cheibriados
   445 | D        | Noticed a basilisk
   445 | D        | Noticed a troll
   445 | D        | Noticed an orc warrior
   445 | D        | Noticed a basilisk
   445 | D        | Noticed an orc warrior
   463 | D        | Killed a basilisk
   463 | D        | Reached skill level 5 in Short Blades
   463 | D        | Reached skill level 5 in Axes
   463 | D        | Reached skill level 5 in Maces & Flails
   463 | D        | Reached skill level 5 in Polearms
   463 | D        | Reached skill level 5 in Staves
   463 | D        | Reached skill level 5 in Slings
   463 | D        | Reached skill level 5 in Bows
   463 | D        | Reached skill level 5 in Crossbows
   463 | D        | Reached skill level 5 in Throwing
   463 | D        | Reached skill level 5 in Dodging
   463 | D        | Reached skill level 5 in Stealth
   463 | D        | Reached skill level 5 in Unarmed Combat
   463 | D        | Reached skill level 5 in Spellcasting
   463 | D        | Reached skill level 5 in Evocations
   463 | D        | Reached XP level 7. HP: 57/63 MP: 14/14
   472 | D        | Killed a troll
   472 | D        | Reached *** piety under Cheibriados
   477 | D        | Reached XP level 8. HP: 32/70 MP: 14/16
   657 | D        | Reached **** piety under Cheibriados
   657 | D        | Reached skill level 5 in Conjurations
   657 | D        | Reached skill level 5 in Hexes
   657 | D        | Reached skill level 5 in Charms
   657 | D        | Reached skill level 5 in Summonings
   657 | D        | Reached skill level 5 in Necromancy
   657 | D        | Reached skill level 5 in Translocations
   657 | D        | Reached skill level 5 in Transmutations
   657 | D        | Reached skill level 5 in Fire Magic
   657 | D        | Reached skill level 5 in Ice Magic
   657 | D        | Reached skill level 5 in Air Magic
   657 | D        | Reached skill level 5 in Earth Magic
   657 | D        | Reached skill level 5 in Poison Magic
   793 | D        | Gained mutation: Your spells are a little harder to cast, but a little more powerful. [potion of mutation]
   793 | D        | Gained mutation: You are partially covered in thin metallic scales. (AC +2) [potion of mutation]
   794 | D        | Lost mutation: Your spells are a little harder to cast, but a little more powerful. [potion of mutation]
   794 | D        | Gained mutation: You have sharp toenails. [potion of mutation]
   794 | D        | Gained mutation: You are agile. (Dex +2) [potion of mutation]
   794 | D        | Gained mutation: Your spells are a little harder to cast, but a little more powerful. [potion of mutation]
   795 | D        | Noticed a rime drake
   795 | D        | Noticed a spiny frog
   795 | D        | Noticed a spiny frog
   795 | D        | Noticed a yak
   796 | D        | Noticed a spiny frog
   802 | D        | Killed a rime drake
   806 | D        | Killed a spiny frog
   806 | D        | Reached ***** piety under Cheibriados
   811 | D        | Killed a spiny frog
   811 | D        | Reached XP level 9. HP: 54/78 MP: 17/19
   822 | D        | Killed a spiny frog
   822 | D        | Reached skill level 10 in Fighting
   822 | D        | Reached skill level 10 in Armour
   822 | D        | Reached skill level 10 in Shields
   827 | D        | Reached ****** piety under Cheibriados
  1042 | D        | Noticed a spiny frog
  1046 | D        | Killed a spiny frog
  1046 | D        | Reached XP level 10. HP: 86/86 MP: 15/22
  1048 | D        | Noticed a spiny frog
  1058 | D        | Killed a spiny frog
  1081 | D        | Reached skill level 10 in Long Blades
  1095 | D        | Reached skill level 10 in Invocations
  1216 | D        | Noticed Josephine
  1219 | D        | Noticed Maurice
  1229 | D        | Killed Josephine
  1229 | D        | Reached XP level 11. HP: 93/93 MP: 19/24
  1230 | D        | Reached skill level 10 in Ice Magic
  1233 | D        | Killed Maurice
  1355 | D        | Noticed an orc knight
  1356 | D        | Noticed an orc knight
  1358 | D        | Noticed an orc knight
  1363 | D        | Killed an orc knight
  1363 | D        | Noticed an orc sorcerer
  1367 | D        | Noticed a sun demon
  1367 | D        | Killed an orc knight
  1367 | D        | Reached skill level 10 in Short Blades
  1367 | D        | Reached skill level 10 in Axes
  1367 | D        | Reached skill level 10 in Maces & Flails
  1367 | D        | Reached skill level 10 in Polearms
  1367 | D        | Reached skill level 10 in Staves
  1367 | D        | Reached skill level 10 in Slings
  1367 | D        | Reached skill level 10 in Bows
  1367 | D        | Reached skill level 10 in Crossbows
  1367 | D        | Reached skill level 10 in Throwing
  1367 | D        | Reached skill level 10 in Dodging
  1367 | D        | Reached skill level 10 in Stealth
  1367 | D        | Reached skill level 10 in Unarmed Combat
  1367 | D        | Reached skill level 10 in Spellcasting
  1367 | D        | Reached skill level 10 in Evocations
  1370 | D        | Killed an orc knight
  1371 | D        | Killed an orc sorcerer
  1372 | D        | Noticed an orc knight
  1384 | D        | Killed an orc knight
  1438 | D        | Found Mudout's Antique Armour Emporium.
  1438 | D        | Noticed an orc sorcerer
  1441 | D        | Found Suseor's Jewellery Shoppe.
  1442 | D        | Killed an orc sorcerer
  1444 | D        | Found Kotzieb's Food Emporium.
  1444 | D        | Noticed an orc sorcerer
  1446 | D        | Found Plog's Assorted Antiques.
  1454 | D        | Noticed an orc sorcerer
  1456 | D        | Killed an orc sorcerer
  1458 | D        | Paralysed by an orc sorcerer for 2 turns
  1461 | D        | Killed an orc sorcerer
  1464 | D        | Noticed an orc sorcerer
  1474 | D        | Killed an orc sorcerer
  1543 | D        | Bought the amulet of Vitality {Regen+ HP+15} for 948 gold pieces
  1543 | D        | Found the amulet of Vitality {Regen+ HP+15}
  1548 | D        | Bought a blackened garnet ring for 140 gold pieces
  1548 | D        | Bought a scroll labeled GEAKUS MOKEUDI for 28 gold pieces
  1548 | D        | Bought a potion of heal wounds for 140 gold pieces
  1552 | D        | Bought the ring "Ukob" {Wiz Str+2} for 494 gold pieces
  1770 | D        | Got the +5 falchion "Akotil" {freeze, rF+ Stlth+}
  1963 | D        | Noticed a death knight
  1963 | D        | Noticed a centaur warrior
  1963 | D        | Noticed a centaur warrior
  1964 | D        | Noticed a seven-headed hydra
  1970 | D        | Noticed a rakshasa
  1971 | D        | Killed a centaur warrior
  1971 | D        | Killed a centaur warrior
  1971 | D        | Reached XP level 12. HP: 103/103 MP: 21/26
  1973 | D        | Killed a death knight
  1977 | D        | Killed a five-headed hydra
  1981 | D        | Noticed a tengu reaver
  1984 | D        | Killed a rakshasa
  1985 | D        | Noticed a deep troll earth mage
  1989 | D        | Killed a tengu reaver
  1990 | D        | Noticed a deep troll shaman
  2001 | D        | Killed a deep troll earth mage
  2014 | D        | Killed a deep troll shaman
  2014 | D        | Reached skill level 10 in Conjurations
  2014 | D        | Reached skill level 10 in Hexes
  2014 | D        | Reached skill level 10 in Charms
  2014 | D        | Reached skill level 10 in Summonings
  2014 | D        | Reached skill level 10 in Necromancy
  2014 | D        | Reached skill level 10 in Translocations
  2014 | D        | Reached skill level 10 in Transmutations
  2014 | D        | Reached skill level 10 in Fire Magic
  2014 | D        | Reached skill level 10 in Air Magic
  2014 | D        | Reached skill level 10 in Earth Magic
  2014 | D        | Reached skill level 10 in Poison Magic
  2083 | D        | Noticed Nergalle
  2095 | D        | Killed Nergalle
  2154 | D        | Noticed Azrael
  2178 | D        | Killed Azrael
  2201 | D        | Noticed Aizul
  2212 | D        | Slain by Aizul

Vault maps used:
D:        linesprint

Skill      XL: |  1  2  3  4  5  6  7  8  9 10 11 12 |
---------------+-------------------------------------+-----
Invocations    | 3 4 5 6 7 8 10 11 12 | 12.9
Fighting       | 7 8 9 10 11 12 13 | 13.3
Short Blades   | 2 3 4 5 7 8 9 10 12 | 12.0
Long Blades    | 5 6 7 8 9 10 11 12 | 12.7
Axes           | 2 3 4 5 7 8 9 10 12 | 12.0
Maces & Flails | 2 3 4 5 7 8 9 10 12 | 12.0
Polearms       | 2 3 4 5 7 8 9 10 12 | 12.0
Staves         | 2 3 4 5 7 8 9 10 12 | 12.0
Slings         | 2 3 4 5 7 8 9 10 12 | 12.0
Bows           | 2 3 4 5 7 8 9 10 12 | 12.0
Crossbows      | 2 3 4 5 7 8 9 10 12 | 12.0
Throwing       | 2 3 4 5 7 8 9 10 12 | 12.0
Armour         | 7 8 9 10 11 12 13 | 13.3
Dodging        | 2 3 4 5 7 8 9 10 12 | 12.0
Stealth        | 2 3 4 5 7 8 9 10 12 | 12.0
Shields        | 7 8 9 10 11 12 13 | 13.3
Unarmed Combat | 2 3 4 5 7 8 9 10 12 | 12.0
Spellcasting   | 2 3 4 5 7 8 9 10 12 | 12.0
Conjurations   | 2 3 4 5 6 7 9 10 | 10.2
Hexes          | 2 3 4 5 6 7 9 10 | 10.2
Charms         | 2 3 4 5 6 7 9 10 | 10.2
Summonings     | 2 3 4 5 6 7 9 10 | 10.2
Necromancy     | 2 3 4 5 6 7 9 10 | 10.2
Translocations | 2 3 4 5 6 7 9 10 | 10.2
Transmutations | 2 3 4 5 6 7 9 10 | 10.2
Fire Magic     | 2 3 4 5 6 7 9 10 | 10.2
Ice Magic      | 2 3 4 6 8 9 11 13 | 13.1
Air Magic      | 2 3 4 5 6 7 9 10 | 10.2
Earth Magic    | 2 3 4 5 6 7 9 10 | 10.2
Poison Magic   | 2 3 4 5 6 7 9 10 | 10.2
Evocations     | 2 3 4 5 7 8 9 10 12 | 12.0

Action                   |  1- 3 |  4- 6 |  7- 9 | 10-12 || total
-------------------------+-------+-------+-------+-------++-------
Melee: Long sword        |    19 |    15 |       |     3 ||    37
       Bite              |     3 |    10 |    17 |    36 ||    66
       War axe           |       |    26 |    59 |    95 ||   180
       Kick              |       |       |    15 |   100 ||   115
       Falchion          |       |       |       |    60 ||    60
Invok: Slouch            |       |       |     1 |    14 ||    15
  Use: Potion            |     5 |       |     2 |     5 ||    12
       Scroll            |       |       |       |     4 ||     4
 Stab: Sleeping          |       |       |     1 |     1 ||     2
       Distracted        |       |       |       |     1 ||     1
  Eat: Chunk             |       |       |       |     4 ||     4
Armor: Scale mail        |     3 |     6 |       |       ||     9
       Ring mail         |       |     5 |     5 |     9 ||    19
       Plate armour      |       |       |       |     8 ||     8
       Fire dragon scale |       |       |       |     1 ||     1
Dodge: Dodged            |     2 |    20 |    34 |    75 ||   131
Block: Shield            |     9 |    22 |    41 |    74 ||   146
       Large shield      |       |       |       |    67 ||    67
       Rpst.: Long sword |     1 |     1 |       |       ||     2
       Falchion          |       |       |       |     5 ||     5

Table legend:
 A = Spawn XP
 B = Non-spawn XP
 C = Spawn XP percentage of total XP
 D = Spawn monster count
 E = Non-spawn monster count
 F = Spawn count percentage of total count
 G = Total turns spent on level
                    A         B        C        D         E        F      G
               +---------+---------+-------+---------+---------+-------+---------
         Total |       0 |   30581 |   0.0 |       0 |     114 |   0.0 |  2212
               +---------+---------+-------+---------+---------+-------+---------
             D |       0 |   30581 |   0.0 |       0 |     114 |   0.0 |  2212
               +---------+---------+-------+---------+---------+-------+---------
